 Dungeon Crawl Stone Soup version 0.30-a0-972-gf3ab3527aa (webtiles) character file.

Game seed: 188650972608506669

53 CowFu the Ruffian (level 3, -5/28 HPs)
             Began as a Draconian Transmuter on Mar 31, 2023.
             Was a Follower of Lugonu.
             Slain by Robin
             ... wielding a +2 trident of flaming
              (7 damage)
             ... on level 2 of the Dungeon.
             The game lasted 00:01:02 (1308 turns).

CowFu the Ruffian (Draconian Transmuter)            Turns: 1308, Time: 00:01:03

Health: -5/28      AC:  5    Str: 18    XL:     3   Next: 64%
Magic:  4/6        EV: 12    Int: 12    God:    Lugonu [*.....]
Gold:   88         SH:  0    Dex: 10    Spells: 5/6 levels left

rFire   . . .      SeeInvis .      - Unarmed
rCold   . . .      Faith    .    (no shield)
rNeg    . . .      Spirit   .    (body armour unavailable)
rPois   .          Reflect  .    (helmet currently unavailable)
rElec   .          Rampage  .    (no cloak)
rCorr   .          Rnd*Tele +    (no gloves)
Will    .....                    (boots currently unavailable)
Stlth   +                        (no amulet)
HPRegen 0.24/turn                (no ring)
MPRegen 0.10/turn                (no ring)

@: appendages
A: horns 2, talons 2, AC +5, unfitting armour, cold-blooded, strong 1,
teleportitis 1
a: End Transformation, Renounce Religion, Depart the Abyss


You were on level 2 of the Dungeon.
You worshipped Lugonu.
Lugonu was aware of your devotion.
You had temporarily grown beastly horns and talons.
You visited 1 branch of the dungeon, and saw 2 of its levels.

You collected 88 gold pieces.

Inventory:

Jewellery
 c - a +6 ring of dexterity
Scrolls
 d - a scroll of identify {unknown}
 e - a scroll of amnesia {unknown}
 g - 4 scrolls of enchant weapon {unknown}
 h - a scroll of summoning {unknown}
Potions
 a - a potion of lignification
 f - a potion of heal wounds {unknown}
 i - a potion of might {unknown}


   Skills:
 - Level 1.1 Fighting
 - Level 1.7 Dodging
 + Level 3.9 Unarmed Combat
 - Level 2.0 Spellcasting
 + Level 3.2 Transmutations


You had 5 spell levels left.
You knew the following spells:

 Your Spells              Type           Power      Damage    Failure   Level
a - Beastly Appendage     Tmut           16%        N/A       8%          1

Your spell library contained the following spells:

 Spells                   Type           Power      Damage    Failure   Level
 Wereblood                Tmut           8%         N/A       11%         2
 Sting                    Tmut/Pois      20%        1d4       14%         1
 Poisonous Vapours        Pois/Air       2%         N/A       38%         2
 Spider Form              Tmut/Pois      5%         N/A       38%         3
 Ice Form                 Ice/Tmut       5%         N/A       80%         4
 Olgreb's Toxic Radiance  Pois           1%         N/A       95%         4


Dungeon Overview and Level Annotations

Branches:
Dungeon (2/15)

Altars:
Lugonu

Shops:
D:1 [

Annotations:
D:2 Robin


Innate Abilities, Weirdness & Mutations

You have temporarily grown beastly horns and talons.
Your plain brown scales are hard. (AC +5)
You cannot fit into any form of body armour.
You are cold-blooded and may be slowed by cold attacks.
Your muscles are strong. (Str +4, Int/Dex -1)
You are occasionally teleported next to monsters.


Message History

You are too injured to fight recklessly!
You are too injured to fight recklessly!
You are too injured to fight recklessly!
You are too injured to fight recklessly!
You are too injured to fight recklessly!
You are too injured to fight recklessly!
You are too injured to fight recklessly!
You are too injured to fight recklessly!
You are too injured to fight recklessly!
You are too injured to fight recklessly!
You are too injured to fight recklessly!
You are too injured to fight recklessly!
You are too injured to fight recklessly!
You are too injured to fight recklessly!
You are too injured to fight recklessly!
You are too injured to fight recklessly!
You are too injured to fight recklessly!
You are too injured to fight recklessly!
You are too injured to fight recklessly!
You are too injured to fight recklessly!
You are too injured to fight recklessly!
You are too injured to fight recklessly!
You hit Jessica.
You kill Jessica!
Lugonu accepts your kill. Robin closely misses you.
Your Transmutations skill increases to level 3!
You have reached level 3!
Your experience leads to an increase in your attributes!
Increase (S)trength, (I)ntelligence, or (D)exterity?
You feel stronger. x2; Your scales feel tougher.
You barely miss the hobgoblin.
You claw the hobgoblin, but do no damage.
Robin barely misses you. The goblin closely misses you.
The hobgoblin completely misses you.
A goblin comes into view. It is wielding a +0 dagger.
It was a potion of mutation.
You feel extremely strange.
You feel weirdly uncertain.
You feel stronger.
Robin hits you from afar with a +2 trident of flaming!
You die...

#... #... #...
#...## #.....
#...#######
#.#.......##########
#>)ggK..............
#.#@#.....##########
#)#.##### #.
#g......... ....
#.######### ###. ..g
#. ### #. #. #. #.


You could see Robin, a hobgoblin, 2 goblins and a kobold.

Vanquished Creatures
  Jessica (D:2)
  A dart slug (D:1)
  2 ball pythons (D:1)
  2 bats
  An endoplasm (D:1)
  A giant cockroach (D:1)
  5 goblins
  5 hobgoblins
  A kobold (D:2)
  A quokka (D:1)
  A frilled lizard (D:1)
  A rat (D:2)
22 creatures vanquished.

Vanquished Creatures (others)
  2 plants (D:1)
2 creatures vanquished.

Grand Total: 24 creatures vanquished

Notes
Turn   | Place    | Note
-------+----------+-------------------------------------------
     0 | D:1      | CowFu the Draconian Transmuter began the quest for the Orb.
     0 | D:1      | Reached XP level 1. HP: 16/16 MP: 3/3
   297 | D:1      | Reached XP level 2. HP: 22/23 MP: 3/5
   899 | D:1      | Found Qyinastru's Armour Shoppe.
  1090 | D:2      | Found a faded altar of an unknown god.
  1100 | D:2      | Prayed at the altar of an unknown god.
  1100 | D:2      | Became a worshipper of Lugonu the Unformed
  1100 | D:2      | Reached * piety under Lugonu
  1294 | D:2      | Noticed Robin
  1297 | D:2      | Noticed Jessica
  1305 | D:2      | HP: 1/23 [Jessica/nerve-wracking pain (6)]
  1306 | D:2      | Killed Jessica
  1307 | D:2      | Reached XP level 3. HP: 1/28 MP: 4/6
  1308 | D:2      | Gained mutation: You are occasionally teleported next to
                  | monsters. [potion of mutation]
  1308 | D:2      | Gained mutation: Your muscles are strong. (Str +4, Int/Dex
                  | -1) [potion of mutation]
  1308 | D:2      | Slain by Robin

Illustrated notes

Levels and vault maps discovered:
D:1:      kilobyte_arrival_exit_the_forest, layout_loops_ring, serial_shops,
          nicolae_shop_temple_entry_statues_fountains, serial_forest,
          infiniplex_forest_lined_2, infiniplex_forest_clump_cross,
          infiniplex_forest_3_way, infiniplex_forest_corner_1,
          infiniplex_forest_clump_long, infiniplex_forest_zigzag_2,
          infiniplex_forest_fountain, infiniplex_forest_lined_room_2
D:2:      layout_basic, hellmonk_ecumenical_altar_blasted, minmay_3d_cube,
          uniq_natasha, uniq_sigmund, uniq_jessica, uniq_robin

Skill      XL: |  1  2 |
---------------+-------+-----
Transmutations | 3 |  3.2
Fighting       | |  1.1
Dodging        | |  1.7
Unarmed Combat | |  3.9
Spellcasting   | |  2.0

Action                     || total
---------------------------++-------
  Melee: Unarmed           ||    46
         Kick              ||     8
         Headbutt          ||     4
         Tailslap          ||     2
   Cast: Beastly Appendage ||    22
    Use: Potion            ||     1
   Stab: Sleeping          ||     1
 Armour: Skin              ||    12
  Dodge: Dodged            ||    32

Table legend: (Time is in decaauts)
 A = Elapsed time spent in this place.
 B = Non-inter-level travel time spent in this place.
 C = Inter-level travel time spent in this place.
 D = Time resting spent in this place.
 E = Time spent auto-exploring this place.
 F = Levels seen in this place.
 G = Mean time per level.
                   A        B        C        D        E       F      G
               +--------+--------+--------+--------+--------+-----+--------+
         Total |   1308 |   1272 |     36 |      0 |   1122 |   2 |  654.0 |
       Dungeon |   1308 |   1272 |     36 |      0 |   1122 |   2 |  654.0 |
               +--------+--------+--------+--------+--------+-----+--------+

Top non-repeatable levels by time:
     D:1: 1086 daAuts
     D:2: 221 daAuts
